 Dungeon Crawl Stone Soup version 0.31.0-11-ge490571c62 (webtiles) character file.

Game seed: 3180421450185717893

117 Esekla the Grasshopper (level 4, -6/34 HPs)
             Began as a Spriggan Warper on Feb 3, 2024.
             Was an Initiate of Ashenzari.
             Killed by psychic fangs
             ... invoked by a brain worm
              (16 damage)
             ... in a sewer.
             The game lasted 00:23:21 (4234 turns).

Esekla the Grasshopper (Spriggan Warper)            Turns: 4234, Time: 00:23:21

Health: -6/34      AC: 22    Str:  7    XL:     4   Next: 71%
Magic:  0/10       EV:  4    Int: 16    God:    Ashenzari [......]
Gold:   121        SH:  0    Dex: 14    Spells: 4/9 levels left

rFire   . . .        a - +0 dagger
rCold   . . .        (no shield)
rNeg    . . .        b - melded +0 robe
rPois   +            (helmet currently unavailable)
rElec   .            (cloak currently unavailable)
rCorr   .            (gloves unavailable)
SInv    +            (boots unavailable)
Will    .....        p - amulet of guardian spirit
Stlth   ++           u - ring of wizardry
HPRegen 0.25/turn    (no ring)
MPRegen 0.12/turn

%: guardian spirit, wizardry (x1)
@: lethally poisoned (-6 -> -8), tree-form
A: stationary, stasis, torment immunity, boosted hp, very small, no large
weapons, unfitting armour, see invisible, (speed 3)
a: Renounce Religion


You were in a sewer.
You worshipped Ashenzari.
Ashenzari was noncommittal.
You were a tree.
You visited 2 branches of the dungeon, and saw 7 of its levels.
You also visited: Sewer.

You collected 121 gold pieces.

Inventory:

Hand Weapons
 a - a +0 dagger (weapon)
 l - a +0 trident
Missiles
 h - 3 poisoned darts (quivered)
Armour
 b - a +0 robe (melded)
 o - a +0 hat
Jewellery
 p - an amulet of guardian spirit (around neck)
 u - a ring of wizardry (left branch)
Scrolls
 c - a scroll of blinking
 e - a scroll of brand weapon {unknown}
 i - a scroll of identify {unknown}
 j - 2 scrolls of poison {unknown}
 k - a scroll of revelation {unknown}
 q - a scroll of acquirement {unknown}
 r - 2 scrolls of enchant weapon {unknown}
 t - a scroll of teleportation {unknown}
 v - a scroll of vulnerability {unknown}
Potions
 d - a potion of magic {unknown}
 f - a potion of cancellation {unknown}
 g - a potion of heal wounds {unknown}
 m - a potion of lignification
 n - 2 potions of curing {unknown}
 s - a potion of mutation {unknown}


   Skills:
 + Level 1.9 Fighting
 + Level 3.3 Short Blades
 + Level 1.1 Throwing
 * Level 4.5 Dodging
 + Level 1.3 Stealth
 * Level 3.4 Spellcasting
 * Level 0.4 Necromancy
 + Level 4.8 Translocations


You had 4 spell levels left.
You knew the following spells:

 Your Spells              Type           Power      Damage    Failure   Level
a - Ozocubu's Armour      Ice            2%         N/A       21%         3
b - Blink                 Tloc           36%        N/A       1%          2

Your spell library contained the following spells:

 Spells                   Type           Power      Damage    Failure   Level
 Lesser Beckoning         Tloc           36%        N/A       1%          2
 Teleport Other           Tloc           18%        N/A       3%          3
 Kiss of Death            Conj/Necr      12%        2d6       6%          1
 Summon Small Mammal      Summ           8%         N/A       8%          1
 Manifold Assault         Tloc           18%        N/A       10%         4
 Ensorcelled Hibernation  Hex/Ice        4%         N/A       11%         2
 Call Canine Familiar     Summ           2%         N/A       21%         3
 Confusing Touch          Hex            2%         N/A       21%         3
 Passwall                 Erth           2%         N/A       21%         3
 Swiftness                Air            2%         N/A       21%         3
 Vhi's Electric Charge    Tloc/Air       20%        N/A       26%         4
 Dispel Undead            Necr           4%         3d7       47%         4
 Summon Blazeheart Golem  Fire/Summ      2%         N/A       54%         4
 Metabolic Englaciation   Hex/Ice        1%         N/A       86%         5
 Sculpt Simulacrum        Ice/Alch       1%         N/A       100%        6


Dungeon Overview and Level Annotations

Branches:
Dungeon (6/15)             Temple (1/1) D:4           Sewer (1/1)

Altars:
Ashenzari
Cheibriados
Fedhas
Hepliaklqana
Makhleb
Nemelex Xobeh
Qazlal
Sif Muna
Trog
Xom

Annotations:
D:2 Terence
D:3 Ijyb, Jessica
D:5 1 runed translucent door, Crazy Yiuf
Temple 4 transporters Sewer Pargi


Innate Abilities, Weirdness & Mutations

You are a tree.
Your roots penetrate the ground, keeping you stationary.
You cannot be teleported.
You are immune to unholy pain and torment.
Your maximum health is greatly increased.
Your equipment is partially melded.
You are very small and have problems with some larger weapons.
You are too small for most types of armour.
You have supernaturally acute eyesight. (SInv)
((You cover ground extremely quickly. (Speed+++)))


Message History

The brain worm's throbbing head pulsates.
Something gnaws on your mind!
You feel your power leaking away.
You closely miss the kobold.
The kobold is severely wounded.
The kobold barely misses you.
You barely miss the kobold.
The kobold is severely wounded.
The kobold brigand throws a poisoned dart.
The poisoned dart hits you!
You are poisoned.
The kobold hits you with a +0 dagger.
You barely miss the kobold.
The kobold is severely wounded.
You feel sick.
The kobold brigand throws a poisoned dart.
The poisoned dart closely misses you.
The poisoned dart hits the kobold!
The kobold looks as sick as possible!
The kobold closely misses you.
It was a potion of lignification.
You turn into a tree.
Your +0 robe melds into your body.
Your roots penetrate the ground.
You feel sick.
The kobold dies!
The kobold brigand throws a poisoned dart.
The poisoned dart hits you! The kobold hits you but does no damage.
You hit the kobold but do no damage.
You feel sick.
The brain worm's bulging head throbs.
Something gnaws on your mind!
You feel your power leaking away. The kobold hits you but does no damage.
You hit the kobold.
The kobold is moderately wounded.
You feel sick.
The kobold brigand throws a poisoned dart.
The poisoned dart hits you! The kobold barely misses you.
Okay, then.
Okay, then.
You barely miss the kobold.
You feel sick.
The brain worm's bulging head throbs.
Something gnaws heavily on your mind!
You die...

### # #[# # #. #)#
##'##'##+##+##♣##+#
............TK....#
~~~~~~~~.~~K~~~~~~#
≈≈≈≈≈≈≈≈∩≈≈≈≈≈≈≈≈≈#
~~~~~~~~.~~~~~wK~~#
..................#
##+##+##.##+##'##'#
#.# #.# .# #∩# #.#
.#


You could see Pargi, a kobold brigand, a brain worm and 2 kobolds.

Vanquished Creatures
  A jelly (D:5)
  2 adders
  2 dart slugs
  3 orcs
  7 endoplasms
  4 giant cockroaches
  5 goblins
  6 hobgoblins
  5 jackals (D:1)
  A quokka (D:2)
  7 bats
  5 frilled lizards
  6 kobolds
  4 rats
58 creatures vanquished.

Vanquished Creatures (others)
  A kobold (Sewer)
1 creature vanquished.

Grand Total: 59 creatures vanquished

Notes
Turn   | Place    | Note
-------+----------+-------------------------------------------
     0 | D:1      | Esekla the Spriggan Warper began the quest for the Orb.
     0 | D:1      | Reached XP level 1. HP: 10/10 MP: 5/5
   330 | D:1      | Reached XP level 2. HP: 9/14 MP: 7/7
   357 | D:1      | Learned a level 2 spell: Blink
   742 | D:1      | Reached XP level 3. HP: 18/18 MP: 8/8
  2370 | D:3      | Noticed Terence
  2371 | D:3      | Noticed Jessica
  2402 | D:2      | Reached XP level 4. HP: 16/21 MP: 10/10
  2459 | D:3      | Found a stormy altar of Qazlal.
  2647 | D:3      | Found a sparkling altar of Nemelex Xobeh.
  2676 | D:3      | Noticed Ijyb
  2710 | D:4      | Noticed an ogre
  2816 | D:4      | Found a staircase to the Ecumenical Temple.
  2825 | Temple   | Found a transporter.
  2825 | Temple   | Found a transporter.
  2825 | Temple   | Found a transporter.
  2825 | Temple   | Found a transporter.
  2825 | Temple   | Entered the Ecumenical Temple
  2946 | D:5      | Entered Level 5 of the Dungeon
  3037 | D:5      | Noticed a yak
  3057 | D:5      | Reached skill level 1 in Stealth
  3153 | D:5      | Found a runed translucent door.
  3154 | D:5      | Noticed Crazy Yiuf
  3625 | D:5      | Noticed a yak
  3627 | D:5      | Noticed a yak
  3627 | D:5      | Noticed a yak
  3774 | D:5      | Learned a level 3 spell: Ozocubu's Armour
  3904 | D:6      | Noticed a scorpion
  3943 | D:6      | Found a broken altar of Ashenzari.
  3951 | D:6      | Became a worshipper of Ashenzari the Shackled
  4055 | D:6      | Found a glowing drain.
  4204 | Sewer    | Entered a sewer
  4207 | Sewer    | Noticed Pargi
  4219 | Sewer    | Noticed a brain worm
  4221 | Sewer    | Noticed a kobold brigand
  4234 | Sewer    | Killed from afar by a brain worm

Illustrated notes

Levels and vault maps discovered:
D:1:      kennysheep_arrival_seaside, layout_basic, st_stairs_7,
          minmay_tromino_mix6
D:2:      kennysheep_six_static_rooms, layout_basic
D:3:      layout_rooms, grunt_qazlal_clouds,
          mainiacjoe_overflow_small_starburst, uniq_terence, uniq_jessica,
          uniq_ijyb
D:4:      layout_cave_pods, minmay_temple_entry_grid, st_stairs_8
D:5:      layout_basic, uniq_crazy_yiuf_cottage
D:6:      layout_loops_corners, dreamdust_divine_triumvirate,
          lemuel_crystal_altar, cheibrodos_ashenzari_chains,
          portal_sewer_entry_b, serial_bayou, serial_bayou_pond_b,
          serial_bayou_pond_b, serial_bayou_shore_b, serial_bayou_pond_c,
          serial_bayou_pond_e, serial_bayou_pond_e
Temple:   hellmonk_temple_divided_pantheon
Sewer:    kennysheep_door_sewer

Skill      XL: |  1  2  3  4 |
---------------+-------------+-----
Spellcasting   | 3 |  3.4
Short Blades   | 3 |  3.3
Dodging        | 4 |  4.5
Stealth        | 1 |  1.3
Fighting       | |  1.9
Throwing       | |  1.1
Necromancy     | |  0.4
Translocations | |  4.8

Action                     |  1- 3 |  4- 6 || total
---------------------------+-------+-------++-------
  Melee: Short sword       |   116 |       ||   116
         Punch             |     4 |     1 ||     5
         Dagger            |   144 |    86 ||   230
  Throw: Dart              |     1 |     9 ||    10
   Cast: Blink             |     1 |     4 ||     5
    Use: Scroll            |       |     1 ||     1
         Potion            |       |     1 ||     1
   Stab: Sleeping          |     2 |     1 ||     3
 Armour: Robe              |    68 |    44 ||   112
         Skin              |       |     2 ||     2
  Dodge: Dodged            |   168 |    94 ||   262
